 Dungeon Crawl Stone Soup version 0.30-a0-585-g93115170b9 (webtiles) character file.

Game seed: 1831636979799729875

1351 drugrobin the Spear-Bearer (level 8, -1/57 (62) HPs)
             Began as a Demigod Delver on Jan 1, 2023.
             Slain by a wight
             ... wielding a +2 great sword
              (11 damage)
             ... on level 6 of the Dungeon.
             The game lasted 00:15:19 (5396 turns).

drugrobin the Spear-Bearer (Demigod Delver)         Turns: 5396, Time: 00:15:19

HP:   -1/57 (62)    AC: 12    Str: 21    XL:     8   Next: 14%
MP:   10/10         EV: 11    Int: 12    God:
Gold: 221           SH:  0    Dex: 15    Spells: 7/7 levels left

rFire   . . .      SeeInvis .    b - +0 trident
rCold   + + .      Faith    .    (no shield)
rNeg    . . .      Spirit   .    v - +4 ring mail
rPois   .          Reflect  .    (no helmet)
rElec   .          Harm     .    y - +1 cloak
rCorr   .          Rampage  .    (no gloves)
Will    .....                    L - +0 pair of boots
Stlth   ++                       (no amulet)
HPRegen 0.29/turn                A - ring of protection from cold
MPRegen 0.12/turn                u - ring of protection from cold

@: hasted, drained, very quick
A: high MP 1, forlorn, divine attributes
a: no special abilities


You were on level 6 of the Dungeon.
You visited 1 branch of the dungeon, and saw 6 of its levels.

You collected 221 gold pieces.

Inventory:

Hand Weapons
 a - a +1 spear of venom
 b - a +0 trident (weapon)
 c - a +2 dagger of venom
 J - a +0 spear
 K - a +0 sling
Missiles
 G - 2 boomerangs
Armour
 n - a +2 leather armour of willpower
 v - a +4 ring mail (worn)
 y - a +1 cloak (worn)
 L - a +0 pair of boots (worn)
Jewellery
 p - a ring of fire
 u - a ring of protection from cold (right hand)
 A - a ring of protection from cold (left hand)
 F - a ring of magical power
Wands
 g - a wand of digging (1)
 I - a wand of paralysis (8)
Scrolls
 d - a scroll of magic mapping
 e - 6 scrolls of fear
 h - 2 scrolls of amnesia {unknown}
 i - 10 scrolls of identify {unknown}
 l - 2 scrolls of teleportation {unknown}
 o - a scroll of poison {unknown}
 r - 4 scrolls of noise {unknown}
 s - a scroll of fog
 t - 2 scrolls of brand weapon {unknown}
 B - a scroll of immolation {unknown}
 D - a scroll of vulnerability {unknown}
 E - a scroll of torment {unknown}
 H - a scroll of enchant weapon {unknown}
Potions
 f - a potion of haste
 j - 3 potions of mutation {unknown}
 k - 4 potions of degeneration {unknown}
 m - 2 potions of lignification {unknown}
 q - a potion of brilliance {unknown}
 w - 4 potions of heal wounds {unknown}
 x - 3 potions of curing {unknown}
 z - a potion of invisibility {unknown}
 C - a potion of ambrosia {unknown}


   Skills:
 - Level 2.6 Fighting
 + Level 9.6 Polearms
 - Level 1.7 Dodging
 - Level 4.5 Stealth


You had 7 spell levels left.
You didn't know any spells.
Your spell library contained the following spells:

 Spells                   Type           Power      Damage    Failure   Level
 Sandblast                Erth           0%         2d4       50%         1
 Sting                    Tmut/Pois      0%         1d3       50%         1
 Passwall                 Tmut/Erth      0%         N/A       63%         2
 Poisonous Vapours        Pois/Air       0%         N/A       63%         2
 Stone Arrow              Conj/Erth      0%         3d7       86%         3
 Olgreb's Toxic Radiance  Pois           0%         N/A       99%         4
 Petrify                  Tmut/Erth      0%         N/A       99%         4
 Metabolic Englaciation   Hex/Ice        0%         N/A       100%        5
 Statue Form              Tmut/Erth      0%         N/A       100%        6


Dungeon Overview and Level Annotations

Branches:
Dungeon (6/15)             Temple (0/1) D:6

Annotations:
D:5 exclusion: ogre
D:6 2 transporters, sokol815's ghost, novice KoDe


Innate Abilities, Weirdness & Mutations

You have an increased reservoir of magic. (+10% MP)
You shall have no god before yourself.
Your divine heritage dramatically boosts your attributes as you level up.


Message History

Press: ? - help, Dir - move target, f - wight
Aim: a wight, wielding a +2 great sword and wearing a +0 robe (wandering, hasn't noticed you, about 37% to evade your +0 trident)
You catch the helpless wight completely off-guard!
You hit the wight but do no damage. You hit the wight but do no damage.
The wight closely misses you.
You barely miss the wight. The wight barely misses you.
You hit the wight.
The wight is lightly damaged.
The wight hits you with a +2 great sword!
You closely miss the wight.
The wight is lightly damaged.
The wight hits you with a +2 great sword!
You feel drained.
You closely miss the wight.
The wight is lightly damaged.
The wight hits you with a +2 great sword!
You closely miss the wight.
The wight is lightly damaged.
You hit the wight.
The wight is moderately damaged.
The wight hits you with a +2 great sword!
* * * LOW HITPOINT WARNING * * *
You feel drained.
* * * LOW HITPOINT WARNING * * *
Unknown command.
Unknown command.
Press: ? - help, v - describe, . - travel
Here: a wight, wielding a +2 great sword and wearing a +0 robe (moderately damaged)
The floor.
Unknown command.
Okay, then.
Unknown command.
Unknown command.
Unknown command.
Unknown command.
Unknown command.
Unknown command.
You feel yourself speed up.
The wight hits you with a +2 great sword!
You die...

#.# #############.####
...........>#.....
###############.........
#.......................
##.############...÷.....
#.# ................ #.#
############...#### #.#
#.@..........)...†. #.#
##z#########..[#### #.#
#......# #......# #.#
######.#####..###..
#.#.######.....#.<# ###
#.#............#)######
#.# ######.....#.......
#.####...#....)#.......
#..............).....©.


You could see a wight.

Vanquished Creatures
  2 water moccasins
  An ice beast (D:6)
  An ogre (D:5)
  A lemure (D:6)
  2 phantoms
  A scorpion (D:4)
  5 wights
  4 hounds
  2 iguanas
  3 orc wizards
  7 gnolls
  5 adders
  2 white imps (D:5)
  An ufetubus (D:6)
  3 worms (D:2)
  4 dart slugs
  17 orcs
  9 ball pythons
  6 endoplasms
  4 giant cockroaches
  8 hobgoblins
  7 jackals
  8 kobolds
  3 quokkas
  4 bats
  6 frilled lizards
  11 goblins
  7 rats
134 creatures vanquished.

Notes
Turn   | Place    | Note
-------+----------+-------------------------------------------
     0 | D:5      | drugrobin the Demigod Delver began the quest for the Orb.
     0 | D:5      | Reached XP level 1. HP: 18/18 MP: 3/3
    18 | D:4      | Reached skill level 2 in Polearms
   205 | D:3      | Reached XP level 2. HP: 20/25 MP: 4/4
   322 | D:3      | Reached skill level 3 in Polearms
   344 | D:3      | Reached XP level 3. HP: 17/30 MP: 5/5
   962 | D:1      | Reached skill level 4 in Polearms
  1085 | D:1      | Reached XP level 4. HP: 37/37 MP: 6/6
  2505 | D:4      | Reached skill level 5 in Polearms
  2517 | D:4      | Reached XP level 5. HP: 37/42 MP: 7/7
  3603 | D:4      | Reached skill level 6 in Polearms
  3837 | D:4      | Reached XP level 6. HP: 50/50 MP: 8/8
  4156 | D:5      | Reached skill level 7 in Polearms
  4283 | D:5      | Noticed a water moccasin
  4335 | D:4      | Reached XP level 7. HP: 49/56 MP: 9/9
  4819 | D:6      | Found a staircase to the Ecumenical Temple.
  4865 | D:6      | Reached skill level 8 in Polearms
  4879 | D:6      | Noticed sokol815's ghost (novice KoDe)
  4880 | D:6      | Found a transporter.
  4880 | D:6      | Identified the +7 great mace "Qutestri" {flame, Will+
                  | Int+3}
  4880 | D:6      | Noticed a two-headed ogre
  4885 | D:6      | Found a transporter.
  5055 | D:6      | Reached skill level 9 in Polearms
  5160 | D:6      | Reached XP level 8. HP: 28/62 MP: 10/10
  5396 | D:6      | Slain by a wight

Illustrated notes

Levels and vault maps discovered:
D:1:      minmay_arrival_glassed_features, layout_basic, serial_corexii_hall,
          chequers_hall_statues_corner_a, corexii_hall_statues_u
D:2:      minmay_alternating_diamond, layout_basic, minmay_misc_feat_five
D:3:      layout_loops_ring, nicolae_overflow_ecumenical_swirl,
          chequers_ecumenical_altar_simple_redux, minmay_checkerbox
D:4:      layout_loops_corners, chequers_serial_rivers_small_3
D:5:      minmay_angry_zag, layout_rooms
D:6:      layout_basic, lemuel_crystal_altar, minmay_temple_entry_wispy,
          gammafunk_ghost_smash, uniq_pikel

Skill      XL: |  1  2  3  4  5  6  7 |
---------------+----------------------+-----
Polearms       | 2 3 4 5 6 7 9 |  9.6
Fighting       | |  2.6
Dodging        | |  1.7
Stealth        | |  4.5

Action                   |  1- 3 |  4- 6 |  7- 9 || total
-------------------------+-------+-------+-------++-------
Melee: Spear             |   171 |   282 |    74 ||   527
       Dagger            |       |    25 |       ||    25
       Punch             |       |     5 |     3 ||     8
       Trident           |       |       |    68 ||    68
 Fire: Sling             |     4 |     5 |       ||     9
Evoke: Wand              |     1 |     2 |       ||     3
  Use: Potion            |       |       |     1 ||     1
 Stab: Sleeping          |     9 |    11 |     1 ||    21
       Paralysed         |       |     1 |       ||     1
       Distracted        |       |       |     1 ||     1
Armor: Leather armour    |    40 |     3 |       ||    43
       Ring mail         |       |   108 |    39 ||   147
Dodge: Dodged            |    75 |   133 |    51 ||   259

Table legend: (Time is in decaauts)
 A = Elapsed time spent in this place.
 B = Non-inter-level travel time spent in this place.
 C = Inter-level travel time spent in this place.
 D = Time resting spent in this place.
 E = Time spent auto-exploring this place.
 F = Levels seen in this place.
 G = Mean time per level.
                   A        B        C        D        E       F      G
               +--------+--------+--------+--------+--------+-----+--------+
         Total |   5304 |   5082 |    222 |    530 |   3160 |   6 |  884.0 |
       Dungeon |   5304 |   5082 |    222 |    530 |   3160 |   6 |  884.0 |
               +--------+--------+--------+--------+--------+-----+--------+

Top non-repeatable levels by time:
     D:4: 1454 daAuts
     D:5: 1173 daAuts
     D:3: 891 daAuts
     D:2: 675 daAuts
     D:1: 606 daAuts
     D:6: 503 daAuts
